 Dungeon Crawl Stone Soup version 0.31-a0-949-g57150269e1 (webtiles) character file.

Game seed: 17689317568330564093

705 skwerlee the Chopper (level 7, -4/61 HPs)
             Began as a Minotaur Fighter on Oct 22, 2023.
             Slain by a gnoll
             ... wielding a +0 spear
             ... led by a gnoll sergeant
              (7 damage)
             ... on level 5 of the Dungeon.
             The game lasted 00:09:36 (4513 turns).

skwerlee the Chopper (Minotaur Fighter)             Turns: 4513, Time: 00:09:37

Health: -4/61      AC: 10    Str: 22    XL:     7   Next: 39%
Magic:  6/6        EV: 10    Int:  5    God:
Gold:   276        SH:  4    Dex: 10    Spells: 6/6 levels left

rFire   . . .        a - +1 war axe
rCold   . . .        c - +0 buckler
rNeg    . . .        b - +0 scale mail
rPois   .            (helmet restricted)
rElec   .            n - +2 cloak
rCorr   .            (no gloves)
SInv    .            (no boots)
Will    .....        (no amulet) Stlth
                     (no ring)
HPRegen 0.30/turn    (no ring)
MPRegen 0.10/turn

%: no passive effects
@: no status effects
A: horns 2, retaliatory headbutt
a: no special abilities


You were on level 5 of the Dungeon.
You visited 1 branch of the dungeon, and saw 5 of its levels.
You also visited: Sewer.

You collected 276 gold pieces.

Inventory:

Hand Weapons
 a - a +1 war axe (weapon)
Armour
 b - a +0 scale mail (worn)
 c - a +0 buckler (worn)
 n - a +2 cloak (worn)
 o - the +0 helmet "Agoc" {rF++}
   (You took it off Robin on level 3 of the Dungeon)

   rF++:      It greatly protects you from fire.
Jewellery
 i - a ring of ice
Scrolls
 e - 2 scrolls of fog
 g - a scroll of vulnerability
 h - a scroll of teleportation
 j - a scroll of identify
Potions
 d - 4 potions of might
 f - 3 potions of curing
 m - 2 potions of mutation
 p - a potion of heal wounds {unknown}
 q - a potion of magic {unknown}
 r - a potion of brilliance {unknown}


   Skills:
 + Level 5.3 Fighting
 + Level 6.7 Axes
 + Level 6.1 Armour
 + Level 1.3 Dodging
 + Level 0.5 Stealth
 + Level 4.9 Shields


You had 6 spell levels left.
You didn't know any spells.
Your spell library contained the following spells:

 Spells                   Type           Power      Damage    Failure   Level
 Summon Small Mammal      Summ           0%         N/A       83%         1
 Call Canine Familiar     Summ           0%         N/A       99%         3
 Summon Guardian Golem    Hex/Summ       0%         N/A       99%         3


Dungeon Overview and Level Annotations

Branches:
Dungeon (5/15)              Sewer (visited)
 Temple: D:4-7

Altars:
Okawaru
Uskayaw
Xom

Shops:
D:2 (


Innate Abilities, Weirdness & Mutations

You have a pair of horns on your head.
You reflexively headbutt those who attack you in melee.


Message History

As you read the scroll of teleportation, it crumbles to dust.
You feel strangely unstable.
Your surroundings suddenly seem different.
Found a scroll of identify.
You start resting.
HP restored.
j - a scroll of identify The gnoll shouts!
The gnoll sergeant shouts!
You barely miss the gnoll sergeant. The gnoll hits you but does no damage.
The gnoll sergeant hits you with a +4 trident of protection!
You closely miss the gnoll sergeant.
Your headbutt misses the gnoll sergeant.
The gnoll hits you from afar with a +0 halberd!
The gnoll sergeant hits you with a +4 trident of protection.
You completely miss the gnoll sergeant.
Your headbutt misses the gnoll sergeant.
The gnoll hits you from afar with a +0 halberd.
The gnoll sergeant hits you but does no damage.
The gnoll hits you from afar with a +0 halberd!
You hit the gnoll sergeant but do no damage.
You headbutt the gnoll sergeant, but do no damage.
The gnoll hits you from afar with a +0 spear.
The gnoll sergeant hits you with a +4 trident of protection.
The gnoll hits you from afar with a +0 halberd.
* * * LOW HITPOINT WARNING * * *
You hit the gnoll sergeant but do no damage.
You headbutt the gnoll sergeant, but do no damage.
The gnoll hits you but does no damage.
The gnoll sergeant hits you with a +4 trident of protection!
* * * LOW HITPOINT WARNING * * *
The gnoll hits you from afar with a +0 halberd.
* * * LOW HITPOINT WARNING * * *
The gnoll hits you but does no damage.
You barely miss the gnoll sergeant.
Your headbutt misses the gnoll sergeant.
The gnoll sergeant hits you but does no damage.
You block the gnoll's attack.
The gnoll hits you from afar with a +0 spear!
You die...

#. ...#....... #. ..........#
##.####..........##
#.................##.
##......###........#..
##.......####...........
#...............###....
#.#..............#......
##......###...@..........###...
#....... ####g.g..$..#........
#........ ###g...####.......
.###.##.. ##...## ##..#....
#.####.## ###....####..#.....
#..### .###......)...........
###....##......####)..)......#
#..##.....##...# ##...)....#
###.###..###..####..)).....#


You could see a gnoll sergeant and 2 gnolls.

Vanquished Creatures
  3 scorpions
  A hound (D:4)
  A jelly (D:4)
  Jessica (D:3)
  A gnoll bouda (D:5)
  2 iguanas
  3 orc wizards
  Robin (D:3)
  5 gnolls (D:5)
  5 river rats (Sewer)
  8 adders
  A worm (D:4)
  A dart slug (D:2)
  9 orcs
  7 endoplasms
  5 giant cockroaches
  16 goblins
  7 hobgoblins
  2 jackals (Sewer)
  11 kobolds
  6 quokkas
  9 ball pythons
  3 bats
  7 frilled lizards
  11 rats
126 creatures vanquished.

Notes
Turn   | Place    | Note
-------+----------+-------------------------------------------
     0 | D:1      | skwerlee the Minotaur Fighter began the quest for the Orb.
     0 | D:1      | Reached XP level 1. HP: 19/19 MP: 0/0
   110 | D:1      | Reached XP level 2. HP: 26/27 MP: 1/1
   589 | D:1      | Reached XP level 3. HP: 31/33 MP: 2/2
   871 | D:2      | Found Itas's Weapon Shoppe.
  1935 | D:3      | Found a shimmering altar of Xom.
  1959 | D:3      | Reached XP level 4. HP: 40/40 MP: 3/3
  1978 | D:3      | Noticed Jessica
  1986 | D:3      | Killed Jessica
  1987 | D:3      | Reached XP level 5. HP: 37/47 MP: 4/4
  2125 | D:3      | Identified the +0 helmet "Agoc" {rF++}
  2125 | D:3      | Noticed Robin
  2130 | D:3      | Killed Robin
  2269 | D:3      | Found a hide-covered altar of Uskayaw.
  2269 | D:3      | Found an iron altar of Okawaru.
  2375 | D:4      | Reached skill level 5 in Axes
  2568 | D:4      | Reached XP level 6. HP: 36/53 MP: 5/5
  2643 | D:4      | Reached skill level 5 in Armour
  2695 | D:4      | Found a glowing drain.
  2715 | D:4      | Reached skill level 1 in Dodging
  2758 | Sewer    | Entered a sewer
  3837 | D:4      | Reached XP level 7. HP: 60/60 MP: 6/6
  3946 | D:5      | Entered Level 5 of the Dungeon
  4183 | D:5      | Reached skill level 5 in Fighting
  4512 | D:5      | HP: 3/61 [gnoll/+0 halberd[a gnoll sergeant] (3)]
  4513 | D:5      | Slain by a gnoll

Illustrated notes

Levels and vault maps discovered:
D:1:      dpeg_arrival_rooms_a, layout_basic, minivault_4
D:2:      layout_loops_ring, serial_forest, infiniplex_forest_lined_room_2,
          infiniplex_forest_straight_1, infiniplex_forest_lined_3,
          infiniplex_forest_clump_curved, infiniplex_forest_straight_3,
          infiniplex_forest_corner_1, infiniplex_forest_clump_small,
          infiniplex_forest_clump_curved, infiniplex_forest_split, serial_shops,
          shop
D:3:      layout_basic, mainiacjoe_overflow_chevrons,
          gammafunk_temple_overflow_pools, uniq_jessica, uniq_robin
D:4:      wad_lake_hut, layout_loops_ring, gup_sewer_entry_glass
D:5:      layout_layer_cave, trog_hazing_becter, lemuel_coloured_pillars_altar

Skill      XL: |  1  2  3  4  5  6  7 |
---------------+----------------------+-----
Armour         | 4 5 6 |  6.1
Fighting       | 4 5 |  5.3
Shields        | 4 |  4.9
Axes           | 3 4 5 6 |  6.7
Dodging        | 1 |  1.3
Stealth        | |  0.5

Action                     |  1- 3 |  4- 6 |  7- 9 || total
---------------------------+-------+-------+-------++-------
  Melee: War axe           |   102 |   175 |    52 ||   329
         Headbutt          |    13 |    17 |    11 ||    41
    Use: Scroll            |       |     6 |     4 ||    10
 Armour: Scale mail        |    68 |   109 |    58 ||   235
  Dodge: Dodged            |    42 |    68 |    23 ||   133
  Block: Buckler           |    25 |    36 |    10 ||    71

Table legend: (Time is in decaauts)
 A = Elapsed time spent in this place.
 B = Non-inter-level travel time spent in this place.
 C = Inter-level travel time spent in this place.
 D = Time resting spent in this place.
 E = Time spent auto-exploring this place.
 F = Levels seen in this place.
 G = Mean time per level.
                   A        B        C        D        E       F      G
               +--------+--------+--------+--------+--------+-----+--------+
         Total |   4789 |   4692 |     97 |    588 |   3165 |   6 |  798.2 |
       Dungeon |   3685 |   3588 |     97 |    366 |   2489 |   5 |  737.0 |
         Sewer |   1103 |   1103 |      0 |    222 |    676 |   1 | 1103.0 |
               +--------+--------+--------+--------+--------+-----+--------+

Top non-repeatable levels by time:
   Sewer: 1103 daAuts
     D:2: 919 daAuts
     D:1: 816 daAuts
     D:4: 755 daAuts
     D:3: 619 daAuts
     D:5: 575 daAuts
